Map: Bridgehead LE (Void)

Players

Saber - Winner!

  • Race: Zerg Zerg
  • League: Grandmaster

SticklerMac

  • Race: Protoss Protoss
  • League: Bronze

VOD

Have the link to the VOD?

Description

Time

  • Played on: July 26, 2015, 1:22 a.m.
  • Length: 6:22
Show
View Real Time Build Order
Export as new Build Order

Saber Zerg - Winner!

Build Orders: Hatch First 

Get SALT Encoding   

  12  0:03  Drone  
  13  0:09  Drone  
  14  0:17  Overlord  
  14  0:24  Extractor  
  14  0:25  Drone  
  15  0:42  Drone x2  
  17  0:58  Drone  
  17  0:59  Hatchery  
  17  1:13  Drone, Spawning Pool  
  17  1:17  Drone  
  18  1:20  Extractor  
  17  1:27  Drone  
  17  1:30  Drone  
  19  1:44  Drone  
  20  1:52  Overlord  
  20  2:01  Queen  
  22  2:16  Drone, Queen  
  22  2:21  Drone x2  
  27  2:25  Drone x2  
  29  2:30  Metabolic Boost  
  29  2:40  Zergling x4  
  31  2:52  Extractor  
  31  2:55  Zergling x8  
  34  3:07  Overlord x2  
  35  3:12  Zergling x2  
  35  3:13  Zergling x2  
  36  3:23  Overlord  
  37  3:27  Zergling x14  
  43  3:36  Pneumatized Carapace  
  44  3:41  Zergling x4  
  44  3:42  Zergling x2  
  44  3:43  Baneling Nest  
  45  3:49  Zergling x2  
  45  3:50  Zergling x4  
  48  4:03  Zergling x6  
  48  4:36  Zergling x12  
  48  4:37  Zergling x10  
  56  4:42  Spore Crawler  
  55  4:47  Baneling  
  55  4:48  Baneling x4  
  51  5:08  Zergling x10  
  55  5:18  Overlord  
  55  5:22  Lair  
  55  5:28  Zergling x2  
  55  5:29  Zergling x2  
  57  5:36  Zergling x4  
  55  5:50  Spore Crawler  
  55  5:52  Spore Crawler x2  
  51  5:57  Zergling x2  
  51  6:03  Zergling x2  
  53  6:04  Zergling x2  
Show
View Real Time Build Order
Export as new Build Order

SticklerMac Protoss 

Build Orders: Phoenix Opening 

Get SALT Encoding   

  12  0:00  Probe  
  13  0:13  Probe  
  14  0:20  Pylon  
  14  0:38  Probe (Chrono Boost)  
  14  0:39  Gateway  
  15  0:49  Assimilator  
  16  0:50  Probe (Chrono Boost)  
  16  0:54  Assimilator  
  16  0:57  Probe (Chrono Boost)  
  17  1:07  Probe (Chrono Boost)  
  19  1:19  Probe (Chrono Boost)  
  19  1:23  Pylon  
  19  1:26  Probe (Chrono Boost)  
  19  1:31  Cybernetics Core  
  20  1:36  Probe  
  21  1:48  Pylon  
  21  2:09  Nexus  
  21  2:17  Pylon  
  21  2:20  Probe (Chrono Boost)  
  22  2:32  Stargate  
  22  2:36  Probe (Chrono Boost)  
  23  2:51  Mothership Core (Chrono Boost)  
  25  3:00  Stargate  
  25  3:03  Probe (Chrono Boost)  
  26  3:14  Probe (Chrono Boost)  
  27  3:25  Probe (Chrono Boost)  
  27  3:26  Phoenix  
  30  3:45  Phoenix  
  33  3:49  Probe (Chrono Boost)  
  33  3:53  Probe (Chrono Boost)  
  34  4:00  Stargate  
  34  4:08  Phoenix  
  36  4:13  Phoenix  
  18  4:40  Phoenix  
  15  5:04  Probe x2  
  17  5:16  Probe  
Tags
 
Add a new tag
Caveats
  • Supply blocks, unpowered buildings, or Contaminate may cause inaccurate times.
  • Supply counts are checked every 10 seconds.